TOP OF THE 1ST |
Bemidji Benders batting - Pitching for Plumstead Eagles : RHP Lane Lund
|
Pitching: RHP Lane Lund
|
|
Batting: LHB Tony O'Bryan
|
0-0: Foul Ball, location: 2F 0-1: Fly out, F9 (Flyball, 89M)
|
Batting: RHB Ken McDonald
|
0-0: Ball 1-0: Ground out 4-3 (Groundball, 4M)
|
Batting: LHB José González
|
0-0: Called Strike 0-1: SINGLE (Line Drive, 7S)
|
Batting: SHB Dave Henley
|
0-0: Ball Pickoff Throw to First - Out!
|
Top of the 1st over - 0 run(s), 1 hit(s), 0 error(s), 0 left on base; Bemidji 0 - Plumstead 0 |
BOTTOM OF THE 1ST |
Plumstead Eagles batting - Pitching for Bemidji Benders : LHP Roberto Galaz
|
Pitching: LHP Roberto Galaz
|
|
Batting: RHB Jaime Rodríguez
|
0-0: Called Strike 0-1: Ball 1-1: Fly out, F4 (Line Drive, 4)
|
Batting: RHB Von Ford
|
0-0: Called Strike 0-1: Ball 1-1: Ball 2-1: Foul Ball, location: 2F 2-2: Ball 3-2: Base on Balls
|
Batting: RHB J.J. Leslie
|
0-0: Ball 1-0: Fly out, F8 (Flyball, 8LD)
|
Batting: RHB Juan Caceres
|
0-0: Ball 1-0: Ball 2-0: Called Strike 2-1: Swinging Strike 2-2: Foul Ball, location: 2F 2-2: Strikes out looking
|
Bottom of the 1st over - 0 run(s), 0 hit(s), 0 error(s), 1 left on base; Bemidji 0 - Plumstead 0 |
TOP OF THE 2ND |
Bemidji Benders batting - Pitching for Plumstead Eagles : RHP Lane Lund
|
Batting: SHB Dave Henley
|
0-0: Called Strike 0-1: Ball 1-1: Foul Ball, location: 2F 1-2: Ball 2-2: Ball 3-2: Reached on error, E6 (Groundball, 6)
|
Batting: SHB Conan Hanson
|
0-0: Called Strike 0-1: Ball 1-1: Ball 2-1: Called Strike 2-2: Strikes out looking
|
Batting: RHB Roberto Solís
|
0-0: Called Strike 0-1: SINGLE (Groundball, 13S) (infield hit) Dave Henley to second
|
Batting: RHB Aaron Washington
|
0-0: Ball 1-0: Called Strike 1-1: Grounds into double play, 5-4-3 (Groundball, 56)
|
Top of the 2nd over - 0 run(s), 1 hit(s), 1 error(s), 1 left on base; Bemidji 0 - Plumstead 0 |
BOTTOM OF THE 2ND |
Plumstead Eagles batting - Pitching for Bemidji Benders : LHP Roberto Galaz
|
Batting: RHB Donald Sanford
|
0-0: Ball 1-0: Called Strike 1-1: Swinging Strike 1-2: Ball 2-2: Strikes out swinging
|
Batting: LHB Arturo Álvarez
|
0-0: Fly out, F7 (Popup, 56D)
|
Batting: RHB Kolomon Meise
|
0-0: Ball 1-0: SOLO HOME RUN (Flyball, 7D), Distance : 375 ft
|
Batting: RHB Howard Johnson
|
0-0: Foul Ball, location: 2F 0-1: Ball 1-1: Ball 2-1: Called Strike 2-2: Ground out 4-3 (Groundball, 4M)
|
Bottom of the 2nd over - 1 run(s), 1 hit(s), 0 error(s), 0 left on base; Bemidji 0 - Plumstead 1 |
TOP OF THE 3RD |
Bemidji Benders batting - Pitching for Plumstead Eagles : RHP Lane Lund
|
Batting: LHB Jesús Raugel
|
0-0: Ball 1-0: Swinging Strike 1-1: Foul Ball, location: 2F 1-2: Fly out, F5 (Popup, 5F)
|
Batting: RHB Bob Carr
|
0-0: Ball 1-0: Called Strike 1-1: Ground out 2-3 (Groundball, 2R)
|
Batting: LHB Tony O'Bryan
|
0-0: Ball 1-0: Ball 2-0: Swinging Strike 2-1: Ball 3-1: Base on Balls
|
Batting: RHB Ken McDonald
|
Pickoff Throw to First - Out!
|
Top of the 3rd over - 0 run(s), 0 hit(s), 0 error(s), 0 left on base; Bemidji 0 - Plumstead 1 |
BOTTOM OF THE 3RD |
Plumstead Eagles batting - Pitching for Bemidji Benders : LHP Roberto Galaz
|
Batting: LHB Jeff West
|
0-0: Ball 1-0: Ball 2-0: Ball 3-0: Base on Balls
|
Batting: RHB Jaime Rodríguez
|
0-0: Called Strike 0-1: Ball 1-1: Called Strike 1-2: SINGLE (Groundball, 56D) Jeff West to second
|
Batting: RHB Von Ford
|
0-0: Ball 1-0: Called Strike 1-1: Ball 2-1: DOUBLE (Flyball, 89M) Jeff West scores Jaime Rodríguez to third
|
Batting: RHB J.J. Leslie
|
0-0: Called Strike 0-1: Called Strike 0-2: Strikes out swinging
|
Batting: RHB Juan Caceres
|
0-0: Ball 1-0: Ball 2-0: Fly out, F7 (Flyball, 7D) Runner from 3rd tags up, SCORES, no throw Von Ford to third
|
Batting: RHB Donald Sanford
|
0-0: Called Strike 0-1: Ball 1-1: Ball 2-1: Ball 3-1: Called Strike 3-2: Foul Ball, location: 2F 3-2: SINGLE (Line Drive, 7S) Von Ford scores
|
Batting: LHB Arturo Álvarez
|
0-0: Called Strike 0-1: Ball 1-1: DOUBLE (Flyball, 89D) Donald Sanford to third
|
Batting: RHB Kolomon Meise
|
0-0: Ball 1-0: Swinging Strike 1-1: Called Strike 1-2: Foul Ball, location: 2F 1-2: Strikes out looking
|
Bottom of the 3rd over - 3 run(s), 4 hit(s), 0 error(s), 2 left on base; Bemidji 0 - Plumstead 4 |
TOP OF THE 4TH |
Bemidji Benders batting - Pitching for Plumstead Eagles : RHP Lane Lund
|
Batting: RHB Ken McDonald
|
0-0: Swinging Strike 0-1: Swinging Strike 0-2: SOLO HOME RUN (Flyball, 78XD), Distance : 394 ft
|
Batting: LHB José González
|
0-0: Foul Ball, location: 2F 0-1: Foul Ball, location: 2F 0-2: Fly out, F8 (Flyball, 8RXD)
|
Batting: SHB Dave Henley
|
0-0: Called Strike 0-1: Foul Ball, location: 2F 0-2: Ball 1-2: Ball 2-2: Fly out, F9 (Flyball, 9M)
|
Batting: SHB Conan Hanson
|
0-0: Called Strike 0-1: Swinging Strike 0-2: Ball 1-2: Foul Ball, location: 2F 1-2: Strikes out swinging
|
Top of the 4th over - 1 run(s), 1 hit(s), 0 error(s), 0 left on base; Bemidji 1 - Plumstead 4 |
BOTTOM OF THE 4TH |
Plumstead Eagles batting - Pitching for Bemidji Benders : LHP Roberto Galaz
|
Batting: RHB Howard Johnson
|
0-0: Called Strike 0-1: Ball 1-1: Ball 2-1: Swinging Strike 2-2: Strikes out swinging
|
Batting: LHB Jeff West
|
0-0: Ball 1-0: Ball 2-0: Called Strike 2-1: Foul Ball, location: 2F 2-2: Ball 3-2: Base on Balls
|
Batting: RHB Jaime Rodríguez
|
0-0: Ball Jeff West steals 2nd base 1-0: Ball 2-0: Swinging Strike 2-1: Swinging Strike 2-2: Foul Ball, location: 2F 2-2: Strikes out looking
|
Batting: RHB Von Ford
|
0-0: Ball 1-0: Ball 2-0: Called Strike 2-1: Swinging Strike 2-2: Fly out, F9 (Flyball, 9LS)
|
Bottom of the 4th over - 0 run(s), 0 hit(s), 0 error(s), 1 left on base; Bemidji 1 - Plumstead 4 |
TOP OF THE 5TH |
Bemidji Benders batting - Pitching for Plumstead Eagles : RHP Lane Lund
|
Batting: RHB Roberto Solís
|
0-0: Called Strike 0-1: Ground out 5-3 (Groundball, 5S)
|
Batting: RHB Aaron Washington
|
0-0: SINGLE (Groundball, 56D)
|
Batting: LHB Jesús Raugel
|
0-0: Foul Ball, location: 2F 0-1: Ball Wild Pitch! Aaron Washington to second 1-1: Ground out 5-3 (Groundball, 6S) Aaron Washington to third
|
Batting: RHB Bob Carr
|
0-0: Called Strike 0-1: Called Strike 0-2: Strikes out swinging
|
Top of the 5th over - 0 run(s), 1 hit(s), 0 error(s), 1 left on base; Bemidji 1 - Plumstead 4 |
BOTTOM OF THE 5TH |
Plumstead Eagles batting - Pitching for Bemidji Benders : LHP Roberto Galaz
|
Pitching: RHP Ambrose Palmer
|
|
Batting: RHB J.J. Leslie
|
0-0: Called Strike 0-1: Ground out 6-3 (Groundball, 6)
|
Batting: RHB Juan Caceres
|
0-0: Ball 1-0: Swinging Strike 1-1: Swinging Strike 1-2: Strikes out swinging
|
Batting: RHB Donald Sanford
|
0-0: Ball 1-0: Ball 2-0: Foul Ball, location: 2F 2-1: Ball 3-1: Base on Balls
|
Batting: LHB Arturo Álvarez
|
0-0: Ball 1-0: Fielders Choice at 2nd, U6 (Groundball, 6M)
|
Bottom of the 5th over - 0 run(s), 0 hit(s), 0 error(s), 1 left on base; Bemidji 1 - Plumstead 4 |
TOP OF THE 6TH |
Bemidji Benders batting - Pitching for Plumstead Eagles : RHP Lane Lund
|
Batting: LHB Tony O'Bryan
|
0-0: Ball 1-0: Ball 2-0: Called Strike 2-1: Ball 3-1: Foul Ball, location: 2F 3-2: Base on Balls
|
Batting: RHB Ken McDonald
|
0-0: Grounds into double play, 6-4-3 (Groundball, 6M)
|
Batting: LHB José González
|
0-0: Ball 1-0: Called Strike 1-1: Ball 2-1: Fly out, F7 (Flyball, 7M)
|
Top of the 6th over - 0 run(s), 0 hit(s), 0 error(s), 0 left on base; Bemidji 1 - Plumstead 4 |
BOTTOM OF THE 6TH |
Plumstead Eagles batting - Pitching for Bemidji Benders : RHP Ambrose Palmer
|
Batting: RHB Kolomon Meise
|
0-0: Called Strike 0-1: Called Strike 0-2: Ball 1-2: Foul Ball, location: 2F 1-2: Strikes out swinging
|
Batting: RHB Howard Johnson
|
0-0: Ball 1-0: Called Strike 1-1: Ball 2-1: Foul Ball, location: 2F 2-2: Ball 3-2: Foul Ball, location: 2F 3-2: Strikes out swinging
|
Batting: LHB Jeff West
|
0-0: Ball 1-0: Called Strike 1-1: Called Strike 1-2: Ground out 4-3 (Groundball, 4M)
|
Bottom of the 6th over - 0 run(s), 0 hit(s), 0 error(s), 0 left on base; Bemidji 1 - Plumstead 4 |
TOP OF THE 7TH |
Bemidji Benders batting - Pitching for Plumstead Eagles : RHP Lane Lund
|
Batting: SHB Dave Henley
|
0-0: DOUBLE (Groundball, 5L)
|
Batting: SHB Conan Hanson
|
0-0: Ball 1-0: SINGLE (Groundball, 34) Dave Henley to third
|
Batting: RHB Roberto Solís
|
0-0: Ball 1-0: DOUBLE (Flyball, 8RD) Dave Henley scores Conan Hanson to third
|
Pinch Hitting: LHB Todd Anderson
|
0-0: Called Strike 0-1: Swinging Strike 0-2: Strikes out swinging
|
Batting: LHB Jesús Raugel
|
0-0: Foul Ball, location: 2F 0-1: Ball 1-1: Ball 2-1: Ball 3-1: Foul Ball, location: 2F 3-2: Foul Ball, location: 2F 3-2: 3-RUN HOME RUN (Flyball, 9D), Distance : 363 ft
|
Pitching: RHP Manny Ramos
|
|
Batting: RHB Bob Carr
|
0-0: Foul Ball, location: 2F 0-1: Ball 1-1: Ball 2-1: Ball 3-1: Base on Balls
|
Batting: LHB Tony O'Bryan
|
0-0: Called Strike 0-1: Foul Ball, location: 2F 0-2: Ball 1-2: Ball 2-2: Ball 3-2: Base on Balls Bob Carr to second
|
Batting: RHB Ken McDonald
|
0-0: Called Strike 0-1: Ball 1-1: Swinging Strike 1-2: Strikes out swinging
|
Batting: LHB José González
|
0-0: Swinging Strike 0-1: Ball 1-1: SINGLE (Groundball, 6MD) Bob Carr to third Tony O'Bryan to second Runner from 3rd tries for Home, SAFE, no throw or cutoff
|
Batting: SHB Dave Henley
|
0-0: Ground out 5-3 (Groundball, 56S)
|
Top of the 7th over - 5 run(s), 5 hit(s), 0 error(s), 2 left on base; Bemidji 6 - Plumstead 4 |
BOTTOM OF THE 7TH |
Plumstead Eagles batting - Pitching for Bemidji Benders : RHP Ambrose Palmer
|
Pitching: RHP Travis Davis
|
|
Now at 3B: Jeff Mason
|
|
Batting: RHB Jaime Rodríguez
|
0-0: Fly out, F7 (Flyball, 7M)
|
Batting: RHB Von Ford
|
0-0: Called Strike 0-1: Ball 1-1: Foul Ball, location: 2F 1-2: Ball 2-2: Ball 3-2: Base on Balls
|
Batting: RHB J.J. Leslie
|
0-0: SINGLE (Line Drive, 7S) Von Ford to second
|
Batting: RHB Juan Caceres
|
0-0: Swinging Strike 0-1: Fly out, F6 (Line Drive, 6) 0-1: Fly out, F6 (Line Drive, 6)
|
Batting: RHB Donald Sanford
|
0-0: Foul Ball, location: 2F 0-1: Foul Ball, location: 2F 0-2: Strikes out swinging
|
Bottom of the 7th over - 0 run(s), 1 hit(s), 0 error(s), 2 left on base; Bemidji 6 - Plumstead 4 |
TOP OF THE 8TH |
Bemidji Benders batting - Pitching for Plumstead Eagles : RHP Manny Ramos
|
Batting: SHB Conan Hanson
|
0-0: Ball 1-0: Ball 2-0: Ball 3-0: Called Strike 3-1: Swinging Strike 3-2: Foul Ball, location: 2F 3-2: Base on Balls
|
Batting: RHB Roberto Solís
|
0-0: Bunted foul 0-1: Ball 1-1: Sac Bunt - play at first, batter OUT! 1-4 Conan Hanson to second
|
Batting: RHB Jeff Mason
|
0-0: Ball 1-0: Called Strike 1-1: Ball 2-1: Ground out 5-3 (Groundball, 5)
|
Batting: LHB Jesús Raugel
|
0-0: Ball 1-0: Ball 2-0: Foul Ball, location: 2F 2-1: Foul Ball, location: 2F 2-2: Ball 3-2: Foul Ball, location: 2F 3-2: Foul Ball, location: 2F 3-2: Base on Balls
|
Batting: RHB Bob Carr
|
0-0: Called Strike 0-1: Foul Ball, location: 2F 0-2: Ball 1-2: Foul Ball, location: 2F 1-2: Foul Ball, location: 2F 1-2: Foul Ball, location: 2F 1-2: Ball 2-2: Fly out, F8 (Flyball, 8LS)
|
Top of the 8th over - 0 run(s), 0 hit(s), 0 error(s), 2 left on base; Bemidji 6 - Plumstead 4 |
BOTTOM OF THE 8TH |
Plumstead Eagles batting - Pitching for Bemidji Benders : RHP Travis Davis
|
Batting: LHB Arturo Álvarez
|
0-0: Ball 1-0: Ball 2-0: Ball 3-0: Called Strike 3-1: Foul Ball, location: 2F 3-2: Base on Balls
|
Pitching: LHP Hicham Seif
|
|
Batting: RHB Kolomon Meise
|
0-0: Called Strike 0-1: Foul Ball, location: 2F 0-2: SINGLE (Groundball, 6MD) Arturo Álvarez to second
|
Batting: RHB Howard Johnson
|
0-0: Swinging Strike 0-1: Called Strike 0-2: Ball 1-2: Ball 2-2: Strikes out swinging
|
Pinch Hitting: RHB Ethan Moore
|
0-0: Ball 1-0: Swinging Strike 1-1: Fly out, F7 (Flyball, 7M)
|
Batting: RHB Jaime Rodríguez
|
0-0: Called Strike 0-1: Swinging Strike 0-2: Ball 1-2: Strikes out swinging
|
Bottom of the 8th over - 0 run(s), 1 hit(s), 0 error(s), 2 left on base; Bemidji 6 - Plumstead 4 |
TOP OF THE 9TH |
Bemidji Benders batting - Pitching for Plumstead Eagles : RHP Manny Ramos
|
Now at 1B: Dennis McConnell
|
|
Batting: LHB Tony O'Bryan
|
0-0: Ball 1-0: Ball 2-0: Ball 3-0: Called Strike 3-1: Base on Balls
|
Batting: RHB Ken McDonald
|
0-0: Called Strike 0-1: Foul Ball, location: 2F 0-2: Ball 1-2: Fly out, F6 (Line Drive, 6)
|
Batting: LHB José González
|
0-0: Ball 1-0: Called Strike 1-1: Foul Ball, location: 2F 1-2: Fly out, F9 (Flyball, 8RXD)
|
Batting: SHB Dave Henley
|
0-0: Fly out, F8 (Flyball, 8LD)
|
Top of the 9th over - 0 run(s), 0 hit(s), 0 error(s), 1 left on base; Bemidji 6 - Plumstead 4 |
BOTTOM OF THE 9TH |
Plumstead Eagles batting - Pitching for Bemidji Benders : LHP Hicham Seif
|
Pitching: RHP Sixto Santiago
|
|
Batting: RHB Von Ford
|
0-0: Ground out 5-3 (Groundball, 5L)
|
Batting: RHB J.J. Leslie
|
0-0: Ground out 4-3 (Groundball, 4)
|
Batting: RHB Juan Caceres
|
0-0: Called Strike 0-1: Ball 1-1: Called Strike 1-2: Strikes out looking
|
Bottom of the 9th over - 0 run(s), 0 hit(s), 0 error(s), 0 left on base; Bemidji 6 - Plumstead 4 |
|